 Dungeon Crawl Stone Soup version 0.29-a0-504-gec6baf379c (webtiles) character file.

Game seed: 9528791290583911120

791 Gargoyl the Chopper (level 7, -2/44 HPs)
             Began as a Gargoyle Berserker on May 28, 2022.
             Was a Believer of Trog.
             Slain by an ogre
             ... wielding a +0 giant club
              (4 damage)
             ... on level 5 of the Dungeon.
             The game lasted 00:05:03 (4862 turns).

Gargoyl the Chopper (Gargoyle Berserker)            Turns: 4862, Time: 00:05:03

Health: -2/44      AC: 15    Str: 21    XL:     7   Next: 88%
Magic:  7/7        EV: 11    Int: 13    God:    Trog [**....]
Gold:   216        SH:  0    Dex: 11    Spells: 6/6 levels left

rFire   . . .      SeeInvis .   a - +3 hand axe
rCold   . . .      Faith    .   (no shield)
rNeg    + . .      Spirit   .   d - +0 ring mail
rPois   ∞          Reflect  .   l - +1 hat
rElec   +          Harm     .   (no cloak)
rCorr   .          Rampage  .   g - +2 pair of gloves
Will    .....                   (no boots)
Stlth   +.........              (no amulet)
HPRegen 0.14/turn               c - ring of flight
MPRegen 0.10/turn               f - +6 ring of intelligence

@: about to teleport, on berserk cooldown, flying, slowed, studying Staves, very
slow
A: sickness immunity, AC +4, negative energy resistance 1, electricity
resistance, torment resistance 1, petrification resistance
a: Renounce Religion, Berserk, Trog's Hand


You were on level 5 of the Dungeon.
You worshipped Trog.
Trog was pleased with you.
You visited 1 branch of the dungeon, and saw 6 of its levels.

You collected 216 gold pieces.

Inventory:

Hand Weapons
 a - a +3 hand axe (weapon)
Missiles
 j - 3 poisoned darts (quivered)
Armour
 d - a +0 ring mail (worn)
 g - a +2 pair of gloves (worn)
 l - a +1 hat (worn)
Jewellery
 c - a ring of flight (left hand)
 f - a +6 ring of intelligence (right hand)
 r - a ring of see invisible
Scrolls
 m - a scroll of poison {unknown}
 o - a scroll of fear {unknown}
 p - a scroll of fog {unknown}
 s - a scroll of identify
Potions
 b - a potion of brilliance
 h - 2 potions of cancellation
 i - 2 potions of curing
 k - a potion of berserk rage
 n - a potion of flight {unknown}
 q - a potion of attraction {unknown}


   Skills:
 + Level 4.8 Fighting
 + Level 5.5 Axes
 + Level 0.4 Throwing
 + Level 5.1 Armour
 + Level 3.0 Dodging
 + Level 2.1 Stealth


You had 6 spell levels left.
You didn't know any spells.
Your spell library was empty.

Dungeon Overview and Level Annotations

Branches:
Dungeon (6/15)
 Temple: D:4-7

Altars:

Shops:
D:1 =


Innate Abilities, Weirdness & Mutations

You are immune to sickness and miasma.
Your stone body is resilient. (AC +4)
You are immune to poison.
You resist negative energy. (rN+)
You are resistant to electric shocks. (rElec)
You are resistant to unholy torment.
You are immune to petrification.


Message History

The black bear closely misses you.
The black bear claws you but does no damage.
Something hits you but does no damage.
The black bear bites you but does no damage.
The black bear misses you.
The black bear claws you but does no damage.
There is a stone staircase leading up here.
The kobold brigand hits you but does no damage.
The ogre hits you with a +0 giant club! Something hits you but does no damage.
The black bear bites you but does no damage.
The black bear claws you but does no damage.
The black bear barely misses you.
You fly upwards.
Reactivating autopickup.
There is a stone staircase leading down here.
As you read the scroll of teleportation, it crumbles to dust.
You feel strangely unstable. Something hits you.
* * * LOW HITPOINT WARNING * * *
Deactivating autopickup; reactivate with Ctrl-A.
The black bear barely misses you.
The black bear claws you but does no damage. x2
The kobold brigand hits you with a +0 short sword.
* * * LOW HITPOINT WARNING * * *
The ogre closely misses you.
The kobold brigand hits you but does no damage.
The black bear barely misses you. The black bear closely misses you.
The black bear misses you. Something completely misses you.
Your surroundings seem slightly different.
The kobold brigand throws a curare-tipped dart.
The curare-tipped dart barely misses you.
Unknown command.
As you read the scroll of teleportation, it crumbles to dust.
You feel strangely unstable.
Something hits you but does no damage. x2
The black bear bites you but does no damage.
The black bear claws you but does no damage.
The black bear claws you.
* * * LOW HITPOINT WARNING * * *
The ogre closely misses you. The ogre hits you with a +0 giant club.
You die...

..# #.# ######.#############
........ .......... #.....#
#####...## #.....# #...#
#.....#######...#
##+######.....)..#...#
#....h@...#####.##...#
#....OK...#####.##...##
.........#.>.......+............
#.........#.........#####.###.###
#.........#.........# #.# #+# .
#.........##+#†####..# #.# #
#.........##.#.#.#.#.# #.# #
#.........##.......... #.# .. #
#.........##.#.##+##.# #.# ..#


You could see a black bear, a kobold brigand and an ogre.

Vanquished Creatures
  A water moccasin (D:5)
  An ice beast (D:6)
  An ogre (D:4)
  A sky beast (D:6)
  2 scorpions (D:5)
  A hound (D:4)
  A jelly (D:5)
  An iguana (D:5)
  3 orc wizards
  6 adders
  An ufetubus (D:5)
  2 worms
  A dart slug (D:1)
  13 orcs
  5 ball pythons
  An endoplasm (D:2)
  12 goblins
  6 hobgoblins
  2 quokkas
  2 bats
  3 frilled lizards (D:2)
  9 kobolds
  3 rats
78 creatures vanquished.

Notes
Turn   | Place    | Note
-------+----------+-------------------------------------------
     0 | D:1      | Gargoyl the Gargoyle Berserker began the quest for the Orb.
     0 | D:1      | Reached XP level 1. HP: 14/14 MP: 1/1
   291 | D:1      | Reached XP level 2. HP: 15/19 MP: 2/2
   462 | D:1      | Found Wesul's Jewellery Boutique.
  1380 | D:2      | Reached XP level 3. HP: 24/24 MP: 3/3
  1682 | D:2      | Reached XP level 4. HP: 16/29 MP: 4/4
  2270 | D:3      | Reached ** piety under Trog
  2871 | D:3      | Reached XP level 5. HP: 22/33 MP: 5/5
  3544 | D:4      | Noticed an ogre
  3552 | D:4      | Killed an ogre
  3553 | D:4      | Reached XP level 6. HP: 39/39 MP: 6/6
  3954 | D:5      | Entered Level 5 of the Dungeon
  4267 | D:5      | Reached skill level 1 in Stealth
  4300 | D:5      | Reached XP level 7. HP: 30/44 MP: 7/7
  4575 | D:5      | Reached skill level 5 in Axes
  4849 | D:6      | Reached skill level 5 in Armour
  4861 | D:5      | HP: 2/44 [black bear (4)]
  4862 | D:5      | Slain by an ogre

Illustrated notes

Levels and vault maps discovered:
D:1:      minmay_arrival_four_loops, layout_basic, serial_shops, shop,
          solitary_fountain, hex_large
D:2:      layout_basic
D:3:      layout_basic
D:4:      layout_basic, minmay_misc_feat_pillars
D:5:      layout_basic, minmay_misc_feat_doors
D:6:      layout_rooms, okawaru_altar_gauntlet_db, grunt_dithmenos_smoke,
          chequers_mini_garden

Skill      XL: |  1  2  3  4  5  6  7 |
---------------+----------------------+-----
Axes           | 3 4 5 |  5.5
Fighting       | 4 |  4.8
Armour         | 3 4 5 |  5.1
Dodging        | 2 3 |  3.0
Stealth        | 1 2 |  2.1
Throwing       | |  0.4

Action                   |  1- 3 |  4- 6 |  7- 9 || total
-------------------------+-------+-------+-------++-------
Melee: Hand axe          |    83 |   198 |    43 ||   324
       Punch             |     1 |     2 |       ||     3
Throw: Dart              |       |     1 |     3 ||     4
Invok: Berserk           |       |     3 |     2 ||     5
       Trog's Hand       |       |     3 |     1 ||     4
  Use: Scroll            |     5 |     7 |     2 ||    14
       Potion            |       |     2 |       ||     2
Armor: Ring mail         |    56 |   124 |    50 ||   230
       Animal skin       |     2 |       |       ||     2
Dodge: Dodged            |    49 |   123 |    37 ||   209

Table legend: (Time is in decaauts)
 A = Elapsed time spent in this place.
 B = Non-inter-level travel time spent in this place.
 C = Inter-level travel time spent in this place.
 D = Time resting spent in this place.
 E = Time spent auto-exploring this place.
 F = Levels seen in this place.
 G = Mean time per level.
                   A        B        C        D        E       F      G
               +--------+--------+--------+--------+--------+-----+--------+
         Total |   4937 |   4795 |    142 |    133 |   3767 |   6 |  822.8 |
       Dungeon |   4937 |   4795 |    142 |    133 |   3767 |   6 |  822.8 |
               +--------+--------+--------+--------+--------+-----+--------+

Top non-repeatable levels by time:
     D:1: 1380 daAuts
     D:3: 1134 daAuts
     D:5: 912 daAuts
     D:4: 836 daAuts
     D:2: 648 daAuts
     D:6: 25 daAuts
